AoeStats
← 富尔坎

Oasis

508558141Analyzed
3v3 RM · 10d ago on Sep 23, 2026· 39m 1s· 6 players
Game mode
Random Map
Map size
Normal (6 player)
Population
200
Speed
Normal
Resources
Standard
Victory
Conquest
Starting age
Dark Age
Ending age
Imperial Age
RankedLock teamsTeams togetherTeam positionsShared explorationLock speedFull tech treeHidden civsTurbo modeCheats
Victory
Defeat
🇺🇸 Italians · United States
834
+17
🇲🇽 Khmer · Mexico
811
+18
🇺🇸 Romans · United States
755
+20
🇩🇪 Persians · Germany
952
-72
🇩🇪 Italians · Germany
855
-52
🇬🇧 Franks · United Kingdom
755
-30
KAIBIL BALAM436
0:27 Loom
12:25 Feudal Age
13:51 Double-Bit Axe
13:50 Horse Collar
15:01 Gold Mining
20:08 Castle Age
20:10 Stone Mining
22:29 Forging
22:25 Scale Barding Armor
22:21 Scale Mail Armor
24:27 Bow Saw
33:56 Husbandry
36:18 Wheelbarrow
35:30 Town Watch
35:37 Light Cavalry
36:32 Bloodlines
37:24 Chain Barding Armor
40:52 Imperial Age
39:33 Iron Casting
39:14 Chain Mail Armor
Optimus Crime
0:43 Loom
11:53 Feudal Age
21:53 Castle Age
19:55 Stone Mining
19:58 Gold Mining
21:59 Fletching
22:09 Padded Archer Armor
23:30 Bodkin Arrow
23:44 Horse Collar
24:07 Double-Bit Axe
25:49 Wheelbarrow
25:04 Town Watch
26:03 Leather Archer Armor
27:22 Forging
28:07 Bow Saw
29:29 Iron Casting
31:53 Heavy Plow
33:27 Hand Cart
33:25 Scale Barding Armor
37:01 Imperial Age
35:04 Silk Road
34:50 Caravan
35:50 Light Cavalry
36:41 Bloodlines
36:31 Husbandry
37:30 Masonry
37:43 Ballistics
38:10 Hussar
39:00 Thumb Ring
38:17 Crossbowman
40:09 Chemistry
Leuthifur
12:12 Feudal Age
12:59 Horse Collar
13:12 Double-Bit Axe
18:59 Castle Age
18:00 Scale Mail Armor
18:00 Gold Mining
18:52 Forging
20:42 Wheelbarrow
19:53 Loom
19:53 Town Watch
22:13 Bow Saw
22:24 Chain Mail Armor
23:27 Town Patrol
23:31 Stone Mining
24:28 Iron Casting
24:39 Hand Cart
25:50 Heavy Plow
26:32 Fletching
28:47 Caravan
29:03 Squires
28:23 Pikeman
28:25 Man-at-Arms
29:06 Bodkin Arrow
30:54 Scale Barding Armor
31:56 Gold Shaft Mining
31:12 Long Swordsman
35:14 Imperial Age
33:52 Redemption
33:52 Fervor
37:17 Block Printing
36:31 Halberdier
38:18 Blast Furnace
37:18 Padded Archer Armor
37:38 Chain Barding Armor
37:14 Heavy Scorpion
38:19 Ballistics
38:05 Siege Engineers
38:10 Masonry
38:46 Crop Rotation
39:46 Conscription
富尔坎
8:45 Feudal Age
10:25 Horse Collar
14:29 Wheelbarrow
17:22 Padded Archer Armor
18:47 Double-Bit Axe
26:44 Castle Age
27:06 Crossbowman
37:01 Hand Cart
Bread
11:48 Feudal Age
19:12 Double-Bit Axe
19:09 Horse Collar
27:42 Gold Mining
31:20 Castle Age
29:56 Wheelbarrow
30:36 Stone Mining
anil44
0:57 Loom
18:05 Feudal Age
18:44 Town Watch
19:34 Wheelbarrow
19:31 Man-at-Arms
21:58 Double-Bit Axe
34:21 Castle Age
36:47 Husbandry
36:08 Light Cavalry
37:32 Town Patrol
37:48 Hand Cart
Connection lost

Rejoining the realm…

Still unreachable

The connection could not be restored.

Session expired

The server has moved on; the page needs a fresh start.